Map: Fracture LE

Players

Megamind

  • Race: Protoss Protoss
  • League: Master
  • Spawn Location: 5:00

MasterNoodle - Winner!

  • Race: Zerg Zerg
  • League: Master
  • Spawn Location: 11:00

VOD

Have the link to the VOD?

Description

ZvP Switch bases skytoss

Time

  • Played on: Sept. 15, 2018, 11:10 a.m.
  • Length: 19:19
Show
View Real Time Build Order
Export as new Build Order

Megamind Protoss 

Build Orders: Cannon Rush 

Get SALT Encoding   

  12  0:01  Probe  
  13  0:13  Probe  
  14  0:18  Pylon  
  14  0:34  Probe  
  15  0:45  Forge  
  15  0:46  Probe  
  16  0:56  Pylon  
  16  0:59  Probe  
  17  1:11  Probe  
  18  1:15  Gateway  
  18  1:21  Photon Cannon  
  18  1:32  Photon Cannon  
  18  1:45  Photon Cannon  
  18  1:48  Photon Cannon  
  18  1:52  Probe  
  19  1:56  Pylon  
  19  2:04  Probe  
  19  2:05  Assimilator  
  19  2:08  Assimilator  
  20  2:19  Photon Cannon  
  20  2:21  Probe  
  21  2:33  Probe  
  21  2:36  Cybernetics Core  
  22  2:45  Probe  
  23  2:56  Pylon  
  23  2:58  Probe  
  24  3:10  Probe  
  25  3:21  Stargate  
  25  3:30  Nexus  
  25  3:38  Shield Battery  
  25  3:46  Stargate  
  25  3:58  Photon Cannon  
  25  4:02  Oracle  
  25  4:07  Assimilator  
  25  4:09  Probe  
  29  4:21  Probe  
  30  4:27  Photon Cannon  
  30  4:38  Oracle  
  29  4:54  Assimilator  
  29  5:18  Oracle, Probe  
  32  5:37  Probe  
  33  5:46  Oracle  
  35  6:11  Probe  
  36  6:19  Photon Cannon  
  36  6:20  Photon Cannon  
  38  6:40  Pylon  
  37  6:50  Oracle  
  37  6:58  Probe  
  38  7:09  Pylon  
  38  7:10  Probe  
  39  7:25  Oracle  
  39  7:27  Oracle, Probe  
  46  7:35  Nexus  
  46  7:39  Probe  
  47  7:54  Oracle  
  44  8:03  Gateway  
  47  8:08  Pylon  
  47  8:26  Probe  
  51  8:33  Fleet Beacon  
  48  8:38  Probe  
  49  8:52  Oracle  
  52  9:04  Probe  
  52  9:09  Assimilator  
  53  9:11  Assimilator  
  53  9:15  Forge  
  53  9:18  Probe  
  54  9:33  Pylon  
  54  9:35  Tempest  
  60  9:58  Probe  
  61  10:06  Tempest  
  59  10:07  Pylon, Probe  
  59  10:10  Probe  
  67  10:16  Photon Cannon  
  67  10:19  Probe  
  68  10:21  Photon Cannon  
  68  10:22  Probe  
  68  10:23  Photon Cannon  
  69  10:30  Tempest  
  69  10:31  Probe  
  69  10:34  Pylon  
  69  10:35  Probe  
  71  10:40  Cybernetics Core  
  77  10:57  Probe  
  78  11:14  Tempest  
  78  11:15  Nexus  
  78  11:22  Pylon  
  78  11:23  Pylon, Probe  
  85  11:41  Shield Battery  
  85  11:48  Shield Battery  
  85  11:51  Shield Battery  
  85  11:54  Probe  
  85  11:55  Pylon  
  85  11:56  Probe  
  85  11:58  Photon Cannon  
  87  12:07  Probe  
  88  12:09  Carrier  
  88  12:10  Carrier  
  88  12:28  Probe  
  101  12:42  Probe  
  101  12:43  Probe  
  103  12:47  Probe  
  92  12:54  Probe  
  93  13:02  Stargate  
  93  13:04  Probe  
  94  13:06  Graviton Catapult  
  94  13:12  Photon Cannon  
  94  13:14  Photon Cannon  
  94  13:17  Shield Battery  
  94  13:23  Probe  
  95  13:37  Probe  
  95  13:38  Shield Battery  
  93  13:41  Shield Battery  
  84  13:53  Assimilator  
  84  13:57  Assimilator  
  84  13:58  Shield Battery  
  96  14:30  Nexus  
  96  14:36  Pylon  
  90  15:21  Probe  
  91  15:32  Pylon  
  91  15:33  Probe  
  92  15:36  Photon Cannon  
  92  15:37  Pylon  
  92  15:38  Probe  
  92  15:41  Assimilator  
  93  15:45  Assimilator  
  93  16:01  Probe  
  92  16:36  Stargate  
  85  16:40  Probe  
  85  16:43  Stargate  
  85  16:46  Probe  
  87  16:58  Gateway  
  87  17:00  Probe  
  88  17:03  Probe  
  88  17:05  Nexus  
  89  17:11  Pylon  
  89  17:15  Probe  
  90  17:16  Pylon  
  90  17:17  Pylon, Probe  
  91  17:33  Fleet Beacon  
  91  17:45  Pylon  
  91  17:48  Oracle  
  91  17:49  Oracle, Pylon  
  91  17:50  Probe  
  92  17:56  Cybernetics Core  
  98  18:09  Probe  
  99  18:14  Forge  
  99  18:17  Oracle x2  
  99  18:32  Stargate  
  105  18:36  Robotics Facility  
Show
View Real Time Build Order
Export as new Build Order

MasterNoodle Zerg - Winner!

Build Orders: Hatch First, Roach Nydus 

Get SALT Encoding   

  12  0:02  Drone  
  13  0:14  Overlord  
  13  0:16  Drone  
  14  0:32  Drone x2  
  16  0:38  Drone  
  17  0:52  Hatchery  
  17  0:55  Drone  
  17  0:59  Drone  
  18  1:10  Extractor  
  17  1:14  Spawning Pool  
  17  1:17  Drone  
  17  1:20  Drone  
  18  1:30  Drone  
  19  1:47  Overlord  
  19  2:02  Zergling x2, Queen  
  22  2:14  Zergling x2  
  22  2:15  Zergling x4  
  25  2:31  Drone  
  25  2:34  Drone x2  
  25  2:35  Drone  
  28  2:43  Lair  
  28  2:46  Overlord  
  28  2:47  Roach Warren  
  25  2:55  Overlord  
  25  3:08  Extractor  
  24  3:25  Overlord  
  24  3:32  Roach  
  24  3:33  Roach  
  28  3:42  Nydus Network  
  28  3:44  Roach  
  28  3:45  Queen  
  31  3:58  Roach x2  
  34  4:16  Roach  
  36  4:21  Nydus Canal  
  36  4:25  Roach  
  36  4:26  Queen  
  40  4:34  Overseer  
  40  4:42  Drone  
  40  4:43  Drone  
  42  4:47  Spore Crawler x2  
  40  5:12  Drone  
  40  5:13  Drone x2  
  41  5:19  Queen  
  43  5:39  Spore Crawler  
  43  5:41  Spore Crawler  
  43  5:42  Overlord  
  38  6:04  Nydus Canal  
  23  6:44  Queen  
  21  6:49  Drone x4  
  23  7:00  Hatchery  
  22  7:02  Drone  
  22  7:05  Spore Crawler  
  22  7:19  Spore Crawler  
  21  7:34  Drone x2  
  21  7:35  Drone  
  24  7:38  Spore Crawler  
  24  7:39  Queen  
  23  8:13  Hydralisk Den, Drone x5, Queen  
  29  8:26  Overseer  
  29  8:41  Spore Crawler  
  29  8:47  Drone x3  
  31  8:57  Queen  
  33  9:06  Queen  
  35  9:11  Spore Crawler  
  35  9:12  Drone x2  
  35  9:13  Drone x2  
  38  9:20  Nydus Canal  
  38  9:27  Zergling x4  
  38  9:28  Zergling x4  
  42  9:44  Nydus Canal  
  42  9:46  Drone  
  42  9:47  Drone x3  
  46  10:04  Drone x3  
  45  10:19  Muscular Augments  
  45  10:30  Hatchery  
  45  10:34  Spore Crawler  
  45  10:35  Hydralisk x2  
  47  10:43  Drone x4  
  47  10:44  Drone x2, Extractor  
  47  10:45  Drone, Extractor  
  52  10:55  Hydralisk x2  
  56  10:59  Hydralisk  
  58  11:15  Hydralisk  
  60  11:25  Overlord x3  
  60  11:30  Grooved Spines  
  60  11:42  Hydralisk  
  60  11:45  Spore Crawler  
  60  11:46  Spore Crawler  
  60  11:48  Hydralisk x3  
  60  11:49  Hydralisk x2  
  70  12:04  Hydralisk x3  
  76  12:15  Hydralisk Den  
  75  12:27  Hydralisk  
  75  12:28  Hydralisk  
  78  12:30  Overlord  
  78  12:40  Hydralisk x2  
  76  12:52  Hydralisk x2  
  80  13:04  Evolution Chamber  
  79  13:14  Hydralisk  
  79  13:15  Hydralisk  
  79  13:16  Hatchery  
  82  13:25  Zergling x2  
  83  13:28  Spawning Pool  
  82  13:34  Hydralisk x2  
  84  13:46  Hydralisk x2  
  86  13:53  Hydralisk x2  
  88  14:17  Zerg Missile Weapons Level 1  
  88  14:20  Extractor  
  88  14:21  Drone x2, Extractor  
  88  14:23  Drone  
  88  14:24  Drone  
  90  14:30  Overlord x2  
  90  14:40  Infestation Pit  
  90  14:42  Drone x5  
  88  15:01  Hydralisk x4  
  93  15:21  Neural Parasite  
  93  15:23  Burrow  
  93  15:24  Drone x5  
  98  15:28  Extractor  
  98  15:29  Extractor  
  96  15:40  Drone x3  
  99  15:50  Infestor  
  101  15:57  Hydralisk  
  101  15:58  Hydralisk x2  
  101  16:03  Drone x4  
  111  16:08  Overlord x3  
  111  16:11  Metabolic Boost  
  107  16:31  Drone x2  
  107  16:32  Overlord x3, Drone x2  
  111  16:45  Overlord x5  
  111  16:57  Infestor x3  
  117  17:16  Hydralisk, Drone x5  
  117  17:17  Hydralisk x3  
  130  17:25  Hydralisk x2  
  130  17:26  Hydralisk  
  134  17:37  Lair  
  134  17:56  Hatchery  
  133  18:05  Hydralisk  
  133  18:06  Hydralisk x6  
  147  18:21  Hydralisk x4  
  155  18:37  Overlord x3  
  155  18:42  Drone  
  155  18:43  Drone x6  
  155  18:44  Overlord x4  
Tags
 
Add a new tag
Caveats
  • Supply blocks, unpowered buildings, or Contaminate may cause inaccurate times.
  • Supply counts are checked every 10 seconds.